 Dungeon Crawl Stone Soup version 0.21-a0-404-g291f19a (webtiles) character file.

224 Monsterracer the Vexing (level 6, -3/47 HPs)
             Began as a Gnoll Arcane Marksman on Oct 29, 2017.
             Slain by a fire crab (5 damage)
             ... created by the adversity of Qazlal
             ... on level 3 of the Dungeon.
             The game lasted 00:07:11 (3331 turns).

Monsterracer the Vexing (Gnoll Arcane Marksman)     Turns: 3331, Time: 00:07:13

Health: -3/47      AC:  8    Str: 11 (14) XL:     6   Next: 0%
Magic:  10/10      EV: 11    Int: 12 (15) God:
Gold:   181        SH:  0    Dex: 15 (16) Spells: 3/11 levels left

rFire    . . .     SeeInvis +   b - +0 trident
rCold    . . .     Gourm    .   (no shield)
rNeg     . . .     Faith    .   j - +0 scale mail
rPois    .         Spirit   .   v - +0 helmet
rElec    .         Reflect  .   (no cloak)
rCorr    .         Harm     .   (no gloves)
MR       .....                  n - +0 pair of boots
Stlth    +.........             (no amulet)
HPRegen  0.15/turn              h - ring of see invisible
MPRegen  0.12/turn              (no ring)

@: frozen, very slow
A: distributed training, fangs 1, strong nose
a: no special abilities


You were on level 3 of the Dungeon.
You were not hungry.

You visited 1 branch of the dungeon, and saw 3 of its levels.

You collected 181 gold pieces.

Inventory:

Hand Weapons
 a - a +0 hand crossbow
 b - a +0 trident (weapon)
 p - a +2 halberd of flaming
 w - a +0 dagger
Missiles
 d - 19 bolts
Armour
 j - a +0 scale mail (worn)
 k - a +0 chain mail
 n - a +0 pair of boots (worn)
 v - a +0 helmet (worn)
Jewellery
 h - a ring of see invisible (left hand)
Scrolls
 c - 2 scrolls of remove curse
 m - 2 scrolls of enchant weapon {unknown}
 s - a scroll of recharging
Potions
 g - 2 potions of resistance
 l - 4 potions of flight
 o - a potion of heal wounds
Comestibles
 f - 4 bread rations
 i - a meat ration
 r - a fruit
 t - 3 chunks of flesh


   Skills:
 + Level 3.1 Fighting
 + Level 1.6 Short Blades
 + Level 1.6 Long Blades
 + Level 1.6 Axes
 + Level 1.6 Maces & Flails
 + Level 1.6 Polearms
 + Level 1.6 Staves
 + Level 1.6 Slings
 + Level 1.6 Bows
 + Level 4.8 Crossbows
 + Level 1.6 Throwing
 + Level 1.6 Armour
 + Level 4.8 Dodging
 + Level 1.6 Stealth
 + Level 1.6 Shields
 + Level 1.6 Unarmed Combat
 + Level 3.2 Spellcasting
 + Level 1.3 Conjurations
 + Level 5.6 Hexes
 + Level 1.3 Charms
 + Level 1.3 Summonings
 + Level 1.3 Necromancy
 + Level 1.3 Translocations
 + Level 1.3 Transmutations
 + Level 1.3 Fire Magic
 + Level 1.3 Ice Magic
 + Level 1.3 Air Magic
 + Level 1.3 Earth Magic
 + Level 1.3 Poison Magic
   Level 1.9 Invocations
 + Level 1.6 Evocations


You had 3 spell levels left.
You knew the following spells:

 Your Spells              Type           Power        Failure   Level  Hunger
a - Corona                Hex            ###....      14%         1    #......
c - Portal Projectile     Hex/Tloc       ##....       71%         3    ###....
w - Cause Fear            Hex            ###.......   80%         4    #####..


Dungeon Overview and Level Annotations

Branches:
Dungeon (3/15)

Altars:
Ashenzari
Qazlal
Uskayaw
The Shining One


Innate Abilities, Weirdness & Mutations

Your experience applies equally to all skills.
You have very sharp teeth.
Your uncanny sense of smell can sniff out nearby items.


Message History

You take 4 damage, and have 34/41 hp.
You hit the ooze but do no damage. The ooze hits you but does no damage.
You hit the ooze. Your bite misses the ooze.
The ooze is heavily wounded.
The ooze jiggles.
The ooze hits you but does no damage.
You puncture the ooze!
You kill the ooze!
You hit the rat.
You kill the rat!
You have reached level 6!
Your experience leads to an increase in your attributes!
Increase (S)trength, (I)ntelligence, or (D)exterity?
You feel stronger.
You regained 5 hp, and now have 40/47 hp.
MP restored: 10
There is an open door here.
Items here: )) †† a club x2; a jackal corpse x2
l - 4 potions of flight (gained 1)
There is an open door here.
Items here: )) †† a club x2; a jackal corpse x2
c - 2 scrolls of remove curse (gained 1)
You now have 166 gold pieces (gained 14).
You are feeling hungry.
s - a scroll of recharging
Things that are here:
a helmet; 9 stones
t - a scroll of identify You now have 181 gold pieces (gained 15).
u - a dark potion You see here a helmet.
v - a helmet Wear which item? (? for menu, Esc to quit)
You start putting on your armour.
You continue putting on your helmet. x4
You finish putting on your +0 helmet.
As you read the scroll of identify, it crumbles to dust.
o - a potion of heal wounds You butcher the jackal corpse.
t - 3 chunks of flesh You butcher the jackal corpse.
t - 4 chunks of flesh (gained 1)
There is an open door here.
Things that are here:
a club x2; a jackal skeleton
There is an open door here.
Things that are here:
a club x2; a jackal skeleton Eating one of 4 chunks of flesh.
You eat one of the 4 chunks of flesh.
This raw flesh tastes terrible.
There is an open door here.
There is an open door here.
There is a stone staircase leading down here.
You see here a leopard gecko skeleton.
You see here a leopard gecko skeleton.
A hobgoblin comes into view. It is wielding a club.
Health restored: 47 Attack whom?
Press: ? - help, Dir - move target cursor, f - hobgoblin
Aim: a hobgoblin, wielding a club You reach to attack!
You puncture the hobgoblin!
You kill the hobgoblin!
No target in view!
No target in view!
Things that are here:
a club; a hobgoblin corpse No target in view!
Found an escape hatch in the floor.
There is an escape hatch in the floor here.
Qazlal causes a mighty clap of thunder!
Qazlal incites the elements against you!
The divine experience confuses you!
You are confused.
A rime drake and a fire crab come into view.
There are monsters nearby!
There are monsters nearby!
Okay, then.
You're too confused!
Unknown command.
It was a potion of degeneration.
There was something very wrong with that liquid.
You feel weakened.
You feel dopey.
You feel clumsy.
It was a potion of curing.
You feel better. The rime drake breathes ice at you. The flash freeze hits you!
You are encased in ice.
The fire crab bites you.
You are engulfed in flames!
* * * LOW HITPOINT WARNING * * *
The fire crab claws you.
* * * LOW HITPOINT WARNING * * *
You are engulfed in flames!
* * * LOW HITPOINT WARNING * * *
You take 45 damage, and have 2/47 hp.
MASSIVE DAMAGE!!
As you read the scroll labeled HIDYBE VUKUDD, it crumbles to dust.
The creatures around you are filled with an inner flame!
It was a scroll of immolation.
The fire crab bites you but does no damage.
The fire crab claws you.
You die...

#...... ...#
#..<....# #.##..
###.# #####.###
......# #. .#.#
....... .#.# #.#####
#### .#.# .# ..# .#.#
.# # #.# .#.# #.#
#.##.##t#.# ..#
#....k@.#.# ###
####.####.# #.# #.#
##############.# #.#
....)........>.####.#
#################...#
#.### #.# #.#


You could see a fire crab (inner flame) and a rime drake (inner flame).

Vanquished Creatures
  2 orc priests
  6 adders
  2 oozes (D:3)
  3 worms (D:2)
  2 dart slugs
  5 leopard geckos
  4 orcs
  7 bats
  4 giant cockroaches
  12 goblins
  7 hobgoblins
  3 jackals (D:3)
  3 quokkas
  8 frilled lizards
  6 kobolds
  10 rats
84 creatures vanquished.

Notes
Turn   | Place    | Note
-------+----------+-------------------------------------------
     0 | D:1      | Monsterracer the Gnoll Arcane Marksman began the quest for the Orb.
     0 | D:1      | Reached XP level 1. HP: 17/17 MP: 4/4
   107 | D:1      | Reached XP level 2. HP: 22/23 MP: 5/5
   256 | D:1      | HP: 8/23 [hobgoblin/club (4)]
   261 | D:1      | HP: 6/23 [hobgoblin/club (1)]
  1031 | D:2      | Reached XP level 3. HP: 21/28 MP: 5/7
  1050 | D:2      | HP: 14/28 [poisoned by an adder]
  1055 | D:2      | Learned a level 3 spell: Portal Projectile
  1396 | D:2      | HP: 12/28 [hobgoblin/club (4)]
  1402 | D:2      | HP: 8/28 [adder (2)]
  1403 | D:2      | Reached skill level 1 in Invocations
  1407 | D:2      | HP: 7/28 [poisoned by an adder]
  1687 | D:2      | Found a shattered altar of Ashenzari.
  1704 | D:2      | Reached skill level 1 in Short Blades
  1704 | D:2      | Reached skill level 1 in Long Blades
  1704 | D:2      | Reached skill level 1 in Axes
  1704 | D:2      | Reached skill level 1 in Maces & Flails
  1704 | D:2      | Reached skill level 1 in Polearms
  1704 | D:2      | Reached skill level 1 in Staves
  1704 | D:2      | Reached skill level 1 in Slings
  1704 | D:2      | Reached skill level 1 in Bows
  1704 | D:2      | Reached skill level 1 in Throwing
  1704 | D:2      | Reached skill level 1 in Armour
  1704 | D:2      | Reached skill level 1 in Stealth
  1704 | D:2      | Reached skill level 1 in Shields
  1704 | D:2      | Reached skill level 1 in Unarmed Combat
  1704 | D:2      | Reached skill level 1 in Evocations
  1718 | D:2      | Reached XP level 4. HP: 22/34 MP: 8/8
  1942 | D:2      | Learned a level 1 spell: Corona
  1947 | D:2      | Learned a level 4 spell: Cause Fear
  2322 | D:2      | Found a hide-covered altar of Uskayaw.
  2456 | D:3      | Reached skill level 1 in Conjurations
  2456 | D:3      | Reached skill level 1 in Charms
  2456 | D:3      | Reached skill level 1 in Summonings
  2456 | D:3      | Reached skill level 1 in Necromancy
  2456 | D:3      | Reached skill level 1 in Translocations
  2456 | D:3      | Reached skill level 1 in Transmutations
  2456 | D:3      | Reached skill level 1 in Fire Magic
  2456 | D:3      | Reached skill level 1 in Ice Magic
  2456 | D:3      | Reached skill level 1 in Air Magic
  2456 | D:3      | Reached skill level 1 in Earth Magic
  2456 | D:3      | Reached skill level 1 in Poison Magic
  2616 | D:2      | Reached XP level 5. HP: 38/40 MP: 9/9
  2737 | D:3      | Found a glowing golden altar of the Shining One.
  2967 | D:3      | Found a faded altar of an unknown god.
  3007 | D:3      | Became a worshipper of Qazlal Stormbringer
  3007 | D:3      | Reached * piety under Qazlal
  3008 | D:3      | Fell from the grace of Qazlal
  3113 | D:3      | Reached XP level 6. HP: 40/47 MP: 10/10
  3329 | D:3      | Noticed a fire crab
  3329 | D:3      | Noticed a rime drake
  3330 | D:3      | HP: 16/47 [fire crab[the adversity of Qazlal] (11)]
  3330 | D:3      | HP: 2/47 [fire crab[the adversity of Qazlal] (9)]
  3331 | D:3      | Slain by a fire crab

Vault maps used:
D:1:      dpeg_arrival_subterranean_lakeside_camping
D:2:      evilmike_ruin_ashenzari, marbit_many_paths
D:3:      overflow_temple_1_default, chequers_ecumenical_altar_simple,
          minmay_joined_circles

Skill      XL: |  1  2  3  4  5 |
---------------+----------------+-----
Invocations    | 1 |  1.9
Short Blades   | 1 |  1.6
Long Blades    | 1 |  1.6
Axes           | 1 |  1.6
Maces & Flails | 1 |  1.6
Polearms       | 1 |  1.6
Staves         | 1 |  1.6
Slings         | 1 |  1.6
Bows           | 1 |  1.6
Throwing       | 1 |  1.6
Armour         | 1 |  1.6
Stealth        | 1 |  1.6
Shields        | 1 |  1.6
Unarmed Combat | 1 |  1.6
Evocations     | 1 |  1.6
Spellcasting   | 3 |  3.2
Conjurations   | 1 |  1.3
Charms         | 1 |  1.3
Summonings     | 1 |  1.3
Necromancy     | 1 |  1.3
Translocations | 1 |  1.3
Transmutations | 1 |  1.3
Fire Magic     | 1 |  1.3
Ice Magic      | 1 |  1.3
Air Magic      | 1 |  1.3
Earth Magic    | 1 |  1.3
Poison Magic   | 1 |  1.3
Fighting       | 3 |  3.1
Crossbows      | |  4.8
Dodging        | |  4.8
Hexes          | |  5.6

Action                   |  1- 3 |  4- 6 || total
-------------------------+-------+-------++-------
Melee: Unarmed           |    53 |       ||    53
       Bite              |     7 |    16 ||    23
       Dagger            |    27 |       ||    27
       Trident           |    26 |   172 ||   198
       Punch             |       |     3 ||     3
 Fire: Hand crossbow     |    29 |    10 ||    39
 Cast: Corona            |     6 |       ||     6
Invok: Renounce Religion |       |     1 ||     1
  Use: Scroll            |       |    10 ||    10
       Potion            |       |     2 ||     2
 Stab: Sleeping          |     2 |       ||     2
  Eat: Chunk             |     3 |     5 ||     8
Armor: Robe              |    17 |       ||    17
       Leather armour    |    12 |     5 ||    17
       Scale mail        |       |    64 ||    64
Dodge: Dodged            |    91 |   111 ||   202

Table legend:
 A = Spawn XP
 B = Non-spawn XP
 C = Spawn XP percentage of total XP
 D = Spawn monster count
 E = Non-spawn monster count
 F = Spawn count percentage of total count
 G = Total turns spent on level
                    A         B        C        D         E        F      G
               +---------+---------+-------+---------+---------+-------+---------
         Total |       0 |     321 |   0.0 |       0 |      84 |   0.0 |  3331
               +---------+---------+-------+---------+---------+-------+---------
           D:1 |       0 |      33 |   0.0 |       0 |      22 |   0.0 |   999
           D:2 |       0 |     141 |   0.0 |       0 |      24 |   0.0 |  1491
           D:3 |       0 |     147 |   0.0 |       0 |      38 |   0.0 |   841
               +---------+---------+-------+---------+---------+-------+---------

Vault maps used:
D:1:      dpeg_arrival_subterranean_lakeside_camping
D:2:      evilmike_ruin_ashenzari, marbit_many_paths
D:3:      overflow_temple_1_default, chequers_ecumenical_altar_simple,
          minmay_joined_circles
